cohdb
Replays
Latest Replays
All Replays
Popular Replays
Top Player Replays
Match Explorer
How It Works
Community
CoH3 Stats
Reddit
Sign in to upload your games and track your stats! →
Sign in with Steam
Match 36572396
Unlisted
Match 36572396
Overview
Messages
Build Orders
End
Panzergrenadier Squad
Kradschützen Motorcycle Team
Panzergrenadier Squad
Panzergrenadier Squad
Construct Light Support Kompanie
Assault Mechanized Group
Construct Mechanized Kompanie
Selects Battlefield Espionage Battlegroup
Selects 250/3 Funkpanzerwagen
Selects Sector Subterfuge Beacon
Marder III Tank Destroyer
Veteran Squad Leaders
Selects Plunder
Panzergrenadier Squad
Construct Panzerarmee Kommand
Panzerjäger Mechanized Group
Selects Disruption Operation
Selects Anti-Tank Incendiary Munitions
Panzer III L Medium Tank
Vehicle Survival Package
Panzer III L Medium Tank
Assault Mechanized Group
Disruption Operation
Panzergrenadier Squad
Panzer III L Medium Tank
Selects Operation Skorpion
2.5-tonne Medical Truck
Armored Reserves
Tiger Heavy Tank
Fire Support Elements
Disruption Operation
Emergency Repair Kits
Advanced Field Repairs
Tungsten Core Ammunition
Panzer IV Assault Group
Shadeaux
JD89
goatboy
vincent
Guacamole Stains
Olympia007
청국장맛양말
치우
0
0
Comments
sign in to comment!
No comments posted yet!